 Dungeon Crawl Stone Soup version 0.14.0-15-g6b16f67 (webtiles) character file.

154455 MDvedh the Warrior (level 17, 0/115 HPs)
             Began as a Gargoyle Venom Mage on Apr 17, 2014.
             Was a High Priest of Okawaru.
             Slain by Rupert
             ... wielding a +5,+5 great mace of crushing
              (6 damage)
             ... on Level 5 of the Spider Nest on Apr 18, 2014.
             The game lasted 01:54:10 (45592 turns).

MDvedh the Warrior (Gargoyle Venom Mage)           Turns: 45592, Time: 01:54:10

HP   0/115       AC 36     Str 20      XL: 17   Next: 60%
MP  22/27        EV 13     Int 16      God: Okawaru [*****.]
Gold 956         SH 10     Dex 13      Spells:  4 memorised,  7 levels left

rFire  + + .     SeeInvis .     B - +4,+6 demon whip (elec)
rCold  + . .     Clarity  .     b - +5 scale mail "Heqig" {Str+1 Dex+3 Dam+4 Stlth++}
rNeg   + . .     Conserve .     i - +0 buckler
rPois  +         rCorr    .     F - +2 hat of the Alchemist {rElec rF+ rC+ MR+}
rElec  +         rRot     +     v - +0 cloak
SustAb . .       Spirit   .     t - +2 pair of gloves
rMut   +         Warding  .     j - +0 pair of boots
Saprov . . .     Stasis   .     O - amulet of resist mutation
MR     ++...                    e - ring of protection from fire
                                u - +4 ring of evasion

@: about to teleport, very resistant to hostile enchantments, unstealthy
A: able to fly continuously, large and strong wings, life protection 1,
electricity resistance, unbreathing, petrification resistance, AC +12
a: Fly, Heroism, Finesse, Renounce Religion


You were on level 5 of the Spider Nest.
You worshipped Okawaru.
Okawaru was extremely pleased with you.
You were not hungry.

You visited 5 branches of the dungeon, and saw 32 of its levels.

You collected 3328 gold pieces.
You spent 2372 gold pieces at shops.

Inventory:

Hand weapons
 p - a +0,+2 flail
 B - a +4,+6 demon whip of electrocution (weapon)
 H - a +2,+4 flail of crushing
Armour
 b - the +5 scale mail "Heqig" (worn) {Str+1 Dex+3 Dam+4 Stlth++}
   (You bought it in a shop on level 3 of the Orcish Mines)

   It affects your strength (+1).
   It affects your dexterity (+3).
   It affects your damage with ranged weapons and melee attacks (+4).
   It makes you much more stealthy.
 i - a +0 buckler (worn)
 j - a +0 pair of boots (worn)
 t - a +2 pair of gloves (worn)
 v - a +0 cloak (worn)
 F - the +2 hat of the Alchemist (worn) {rElec rF+ rC+ MR+}
   (You bought it in a shop on level 4 of the Orcish Mines)

   It protects you from fire.
   It protects you from cold.
   It insulates you from electricity.
   It affects your resistance to hostile enchantments.
 T - a +1 helmet of see invisible
Magical devices
 w - a wand of disintegration (7)
 x - a wand of digging (4)
 V - a wand of teleportation (4)
Comestibles
 c - 15 bread rations
 d - a choko
 l - 4 honeycombs
Scrolls
 g - 3 scrolls of teleportation
 n - 3 scrolls of amnesia
 o - 2 scrolls of fear
 s - 5 scrolls of fog
 A - 2 scrolls of immolation
 K - 2 scrolls of enchant armour
 M - 3 scrolls of identify
 N - 7 scrolls of remove curse
 S - a scroll of vulnerability
 W - a scroll of magic mapping
Jewellery
 a - an uncursed ring of magical power
 e - a ring of protection from fire (right hand)
 f - an uncursed amulet of the gourmand
 k - an uncursed ring of protection from magic
 q - a +3 ring of intelligence {unknown}
 r - an uncursed amulet of rage
 u - a +4 ring of evasion (left hand)
 z - an uncursed ring of magical power
 J - an uncursed ring of magical power
 L - an uncursed ring of wizardry {unknown}
 O - an amulet of resist mutation (around neck)
 X - a cursed ring of wizardry {unknown}
Potions
 h - 7 potions of curing
 m - 2 potions of resistance
 C - a potion of porridge
 I - 2 potions of magic
 P - 2 potions of flight
 Y - a potion of lignification {unknown}


   Skills:
 - Level 16.2 Fighting
 - Level 14.5 Maces & Flails
 - Level 15.1 Armour
 - Level 1.5 Dodging
 - Level 2.1 Stealth
 - Level 5.0 Shields
 - Level 2.0 Spellcasting
 + Level 12.6 Charms
 - Level 7.7 Poison Magic
 - Level 7.3 Invocations


You had 7 spell levels left.
You knew the following spells:

 Your Spells              Type           Power        Failure   Level  Hunger
a - Sting                 Conj/Pois      ##..         10%         1    #......
b - Olgreb's Toxic Radia  Pois           ####....     17%         4    #####..
c - Blink                 Tloc           N/A          52%         2    ###....
d - Haste                 Chrm           #####...     30%         6    #######


Dungeon Overview and Level Annotations

Branches:
Dungeon (14/15)            Temple (1/1) D:5             Orc (4/4) D:12
    Elf (0/3) Orc:3          Lair (8/8) D:11         Shoals (0/5) Lair:4
 Spider (5/5) Lair:6        Slime (0/6) Lair:6       Vaults (0/5) D:14

Altars:
Ashenzari
Cheibriados
Dithmenos
Elyvilon
Fedhas
Kikubaaqudgha
Makhleb
Nemelex Xobeh
Okawaru
Sif Muna
Trog
Vehumet
Xom
Yredelemnul
Zin
The Shining One
Beogh

Shops:
D:7 }   Orc:3 [   Orc:4 (*(:%

Annotations:
Spider:5 Rupert


Innate Abilities, Weirdness & Mutations

You are resistant to torment.
You are immune to poison.
You are immune to rotting.
You can fly continuously.
Your stone body is very resilient (AC +12).
Your wings are large and strong.
You resist negative energy.
You are resistant to electric shocks.
You can survive without breathing.
You are immune to petrification.


Message History

You whack Rupert!
Rupert is severely wounded.
The wolf spider hits you but does no damage.
You block the wolf spider's attack.
Rupert hits you with a runed great mace!
* * * LOW HITPOINT WARNING * * *
x2 Unknown command.
You are too injured to fight recklessly!
Drink which item? (? for menu, Esc to quit)
Okay, then.
The wolf spider hits you but does no damage.
You block the wolf spider's attack.
You see here a falchion.
Unknown command.
Read which item? (? for menu, Esc to quit)
As you read the scroll of teleportation, it crumbles to dust.
You feel strangely unstable.
Rupert hits you with a runed great mace!
* * * LOW HITPOINT WARNING * * *
You die...

##..#*≈,,,,≈≈,,*****,,*
#..#**,,,,,,,,,, *,,**
#≈.##*,,,,,,,,,,**,, *
##..#***≈≈,≈,*≈,≈*,,≈
#≈.###**≈,,**,,,.,,**
##...##*******...,,*
##...####**#^..., *
#≈≈..#≈##.s....;*
###...@ss.≈s..#**
##...@.#≈≈###
##≈####**# ###


You could see Rupert (berserk), 2 wolf spiders, an orb spider and a trapdoor
spider.

Vanquished Creatures
  Mara (Spider:3)
  Arachne (Spider:2)
  Frances (Spider:2)
  Kirke (Spider:1)
  Wiglaf (Spider:5)
  An emperor scorpion (Spider:5)
  Gastronok (Lair:3)
  Josephine (D:12)
  A fire dragon (Lair:8)
  Fannar (Orc:4)
  5 hydras
  An ice dragon (D:10)
  2 dancing weapons (D:14)
  Erica (Orc:4)
  7 death yaks
  A tengu warrior (D:13)
  7 orc high priests (Orc:4)
  Nergalle (D:14)
  A centaur warrior (D:14)
  An unseen horror (D:14)
  10 orb spiders
  Erolcha (Orc:4)
  Pikel (D:8)
  An orc sorcerer (Orc:3)
  7 hill giants
  3 harpies
  An orc knight (Orc:3)
  17 wolf spiders
  3 griffons
  5 red wasps
  A moth of wrath (Spider:4)
  2 black mambas
  4 cyclopes
  4 gargoyles
  Psyche (D:8)
  7 spiny frogs
  3 kobold demonologists
  11 demonic crawlers
  5 komodo dragons
  A spriggan druid (Lair:5)
  A wandering mushroom (Lair:6)
  25 jumping spiders
  2 centaur skeletons
  5 fire drakes
  A tengu conjurer (D:13)
  6 trolls
  3 polar bears
  2 two-headed ogres
  3 slime creatures (D:12)
  7 basilisks
  3 ravens (D:13)
  27 blink frogs
  3 grizzly bears (Lair:5)
  2 shadows (D:13)
  13 trapdoor spiders
  A shark (Spider:4)
  4 deep elf magi
  12 tarantellas
  2 wraiths (D:13)
  22 redbacks
  37 yaks
  10 ugly things
  2 hungry ghosts
  An elephant slug (Lair:8)
  A steam dragon (Lair:3)
  19 water moccasins
  9 hippogriffs
  A human zombie (D:13)
  11 wolves
  9 wargs (Orc:4)
  2 soldier ants
  The ghost of MDvedh the Cudgeler, an average GrSk of Okawaru (D:4)
  2 swamp drakes (Lair:8)
  A hydra simulacrum (D:12)
  2 necrophages (D:9)
  35 spiders
  A tengu skeleton (D:12)
  11 ogres
  4 slaves (D:8)
  12 porcupines
  4 ice beasts
  3 mottled dragons (Lair:8)
  17 orc warriors
  A sky beast (D:7)
  3 yellow wasps
  A giant goldfish (Spider:4)
  The ghost of Heini the Cudgeler, an average MiBe of Trog (D:5)
  A phantom (D:9)
  7 centaurs
  5 boring beetles
  9 giant slugs
  A manticore skeleton (D:8)
  21 crocodiles
  4 big kobolds
  A brain worm (D:13)
  Blork the orc (D:5)
  2 cyclops zombies (D:12)
  3 eyes of draining
  20 giant frogs
  A water moccasin skeleton (D:8)
  9 scorpions
  5 killer bees (D:11)
  10 wights
  5 goliath beetles
  13 hounds
  6 crimson imps
  A centaur zombie (D:12)
  4 big fish
  2 electric eels
  An elf zombie (D:9)
  A quasit (D:11)
  Crazy Yiuf (D:2)
  39 orc priests
  A jelly (D:6)
  An iron imp (D:13)
  31 orc wizards
  A komodo dragon simulacrum (D:11)
  A cyclops simulacrum (D:12)
  7 worker ants
  5 iguanas
  2 sheep (D:13)
  A big kobold zombie (D:11)
  Ijyb (D:2)
  Jessica (D:3)
  A crocodile skeleton (D:12)
  Terence (D:3)
  A mummy (D:11)
  Natasha (twice) (D:3)
  24 adders
  53 green rats
  9 gnolls
  5 giant mites
  An inept feature mimic (D:7)
  A goliath beetle zombie (D:13)
  7 worms
  A shadow imp (D:7)
  An iguana skeleton (D:5)
  An adder skeleton (D:4)
  3 giant eyeballs
  7 giant geckos
  211 orcs
  15 bats
  5 giant cockroaches
  25 goblins
  22 hobgoblins
  34 jackals
  29 kobolds
  5 giant newts
  A giant spore (D:14)
  A kobold zombie (D:6)
  3 orc skeletons
  An orc zombie (Orc:3)
  11 quokkas
  25 rats
  A rat skeleton (D:4)
  A rat zombie (D:6)
  8 ballistomycetes
  A fungus (D:2)
1212 creatures vanquished.

Vanquished Creatures (others)
  Asterion (Spider:1)
  A redback (Spider:1)
  5 humans (Spider:1)
  A hippogriff (Lair:8)
  Natasha (D:3)
  2 orc wizards (Orc:3)
  An orc (Orc:4)
  A giant spore (D:9)
  A goblin (Orc:3)
  A ballistomycete (D:9)
  4 fungi (Lair:8)
  A plant (Lair:8)
20 creatures vanquished.

Grand Total: 1232 creatures vanquished

Notes
Turn   | Place    | Note
--------------------------------------------------------------
     0 | D:1      | MDvedh, the Gargoyle Venom Mage, began the quest for the Orb.
     0 | D:1      | Reached XP level 1. HP: 10/10 MP: 3/3
   768 | D:1      | Reached XP level 2. HP: 15/15 MP: 2/4
  1386 | D:1      | Reached XP level 3. HP: 19/19 MP: 4/6
  1495 | D:1      | Reached skill level 5 in Poison Magic
  1700 | D:2      | Noticed Ijyb
  1737 | D:2      | Killed Ijyb
  1737 | D:2      | Reached skill level 1 in Maces & Flails
  1896 | D:2      | Reached XP level 4. HP: 22/24 MP: 5/7
  1902 | D:2      | Learned a level 4 spell: Olgreb's Toxic Radiance
  2241 | D:2      | Reached XP level 5. HP: 10/28 MP: 2/9
  3054 | D:2      | Reached skill level 6 in Poison Magic
  3525 | D:2      | Noticed Crazy Yiuf
  3577 | D:2      | Killed Crazy Yiuf
  3823 | D:3      | Noticed Natasha
  3829 | D:3      | Killed Natasha
  3829 | D:3      | Reached XP level 6. HP: 30/32 MP: 4/10
  3844 | D:3      | Noticed an ogre
  4063 | D:3      | Killed an ogre
  4081 | D:3      | Noticed Natasha
  4396 | D:3      | Noticed Terence
  4602 | D:3      | Killed Natasha
  4604 | D:3      | Killed Terence
  4769 | D:3      | Reached XP level 7. HP: 36/36 MP: 3/12
  4872 | D:3      | Found a shattered altar of Ashenzari.
  4984 | D:3      | Noticed Jessica
  4986 | D:3      | Killed Jessica
  5087 | D:3      | Noticed Natasha
  5092 | D:3      | Killed Natasha
  5359 | D:4      | Reached skill level 5 in Maces & Flails
  5359 | D:4      | Reached skill level 7 in Poison Magic
  6490 | D:4      | Noticed MDvedh's ghost (average GrSk)
  6687 | D:4      | Reached XP level 8. HP: 39/41 MP: 9/13
  6983 | D:4      | Killed MDvedh's ghost
  7320 | D:5      | Entered Level 5 of the Dungeon
  7421 | D:5      | Found a staircase to the Ecumenical Temple.
  7422 | D:5      | Noticed Heini's ghost (average MiBe)
  7428 | D:5      | Killed Heini's ghost
  7479 | Temple   | Entered the Ecumenical Temple
  7536 | Temple   | Became a worshipper of Warmaster Okawaru
  7565 | D:5      | Found a radiant altar of Vehumet.
  7894 | D:5      | Noticed Blork the orc
  7903 | D:5      | Killed Blork the orc
  7903 | D:5      | Reached skill level 8 in Maces & Flails
  8407 | D:5      | Reached skill level 9 in Maces & Flails
  8979 | D:6      | Reached XP level 9. HP: 37/45 MP: 5/14
  8982 | D:6      | Acquired Okawaru's first power
  8982 | D:6      | Reached skill level 10 in Maces & Flails
  9267 | D:7      | Found Ucahep's Gadget Shoppe.
  9776 | D:7      | Found a blossoming altar of Fedhas.
  9796 | D:7      | Found a shadowy altar of Dithmenos.
  9796 | D:7      | Found a snail-covered altar of Cheibriados.
  9804 | D:7      | Reached skill level 11 in Maces & Flails
  9805 | D:7      | Found a glowing silver altar of Zin.
  9955 | D:7      | Found a glowing golden altar of the Shining One.
 10242 | D:8      | Noticed Pikel
 10260 | D:8      | Killed Pikel
 10260 | D:8      | Reached skill level 12 in Maces & Flails
 10446 | D:8      | Reached XP level 10. HP: 45/50 MP: 11/16
 10491 | D:8      | Reached skill level 13 in Maces & Flails
 10514 | D:8      | Found a basalt altar of Yredelemnul.
 10515 | D:8      | Found a sparkling altar of Nemelex Xobeh.
 10599 | D:8      | Noticed Psyche
 10621 | D:8      | HP: 1/50 [Psyche/dagger of distortion (15)]
 10625 | D:8      | Killed Psyche
 11577 | D:9      | Reached skill level 14 in Maces & Flails
 11972 | D:9      | HP: 2/50 [something (31)]
 12503 | D:10     | Entered Level 10 of the Dungeon
 12509 | D:10     | Learned a level 2 spell: Blink
 12585 | D:10     | Reached skill level 1 in Fighting
 13181 | D:10     | Noticed a hill giant
 13210 | D:10     | Killed a hill giant
 13210 | D:10     | Reached skill level 5 in Fighting
 13325 | D:10     | Noticed an ice dragon
 13375 | D:10     | Reached XP level 11. HP: 32/64 MP: 11/17
 13577 | D:10     | Noticed a hill giant
 13586 | D:10     | Killed a hill giant
 13903 | D:11     | Found a staircase to the Lair.
 14160 | D:11     | Paralysed by a giant eyeball for 2 turns
 14742 | D:11     | Noticed a hill giant
 14755 | D:11     | Killed a hill giant
 15209 | Lair:1   | Entered Level 1 of the Lair of Beasts
 16695 | Lair:2   | Reached skill level 10 in Fighting
 16890 | Lair:2   | Noticed a seven-headed hydra
 17465 | Lair:3   | Acquired Okawaru's second power
 17555 | Lair:3   | Noticed Gastronok
 17692 | Lair:2   | Reached XP level 12. HP: 46/80 MP: 16/18
 17858 | Lair:3   | Killed Gastronok
 18030 | Lair:3   | Received a gift from Okawaru
 18321 | Lair:3   | Reached skill level 1 in Armour
 18790 | Lair:3   | Upgraded the game from 0.14.0-12-g87ee3b7 to 0.14.0-15-g6b16f67
 19177 | Lair:4   | Reached skill level 5 in Armour
 19345 | Lair:4   | Noticed a death yak
 19346 | Lair:4   | Noticed a death yak
 19346 | Lair:4   | Noticed a death yak
 19378 | Lair:4   | Noticed a death yak
 19391 | Lair:4   | Killed a death yak
 19397 | Lair:4   | Killed a death yak
 19413 | Lair:4   | Killed a death yak
 19421 | Lair:4   | Killed a death yak
 19881 | Lair:4   | Found a staircase to the Shoals.
 20412 | Lair:5   | Reached XP level 13. HP: 33/88 MP: 19/19
 21350 | Lair:5   | Reached skill level 10 in Armour
 22092 | Lair:6   | Found a hole to the Spider Nest.
 22221 | Lair:6   | Received a gift from Okawaru
 22535 | Lair:6   | Found a staircase to the Slime Pits.
 23847 | Lair:6   | Received a gift from Okawaru
 24934 | Lair:8   | Entered Level 8 of the Lair of Beasts
 25089 | Lair:8   | Received a gift from Okawaru
 25090 | Lair:8   | Got a twisted great mace {god gift}
 25091 | Lair:8   | Identified the +9,+0 great mace "Wiedd" {flame, rC- Dex+3} (Okawaru gifted it to you on level 8 of the Lair of Beasts)
 25144 | Lair:8   | Gained mutation: Your wings are large and strong. [gargoyle growth]
 25144 | Lair:8   | Reached XP level 14. HP: 83/94 MP: 20/20
 26080 | Lair:8   | Got a bloodstained leather armour
 26093 | Lair:8   | Identified the cursed -7 leather armour "Bocs" {rElec Dam-5} (You found it on level 8 of the Lair of Beasts)
 26186 | Lair:8   | Reached skill level 15 in Armour
 26997 | Lair:8   | Reached skill level 1 in Invocations
 27979 | Lair:2   | Killed a seven-headed hydra
 27983 | Lair:2   | Received a gift from Okawaru
 28255 | D:12     | Reached skill level 5 in Invocations
 28476 | D:12     | Noticed Josephine
 28628 | D:12     | Killed Josephine
 28738 | D:12     | Noticed a hill giant
 28745 | D:12     | Killed a hill giant
 29004 | D:12     | Found a staircase to the Orcish Mines.
 29085 | D:12     | Noticed a hill giant
 29093 | D:12     | Killed a hill giant
 29206 | D:12     | Identified a scroll of acquirement
 29207 | D:12     | Got a crystal great mace
 29208 | D:12     | Identified the +1,+3 great mace "Sile Tasch" {flame, -Tele +Rage +Inv rPois} (You acquired it on level 12 of the Dungeon)
 29760 | Orc:1    | Entered Level 1 of the Orcish Mines
 30088 | Orc:1    | Found an iron altar of Okawaru.
 31087 | Orc:3    | Found a staircase to the Elven Halls.
 31226 | Orc:3    | Found a bloodstained altar of Trog.
 31410 | Orc:3    | Found Thaphaq's Armour Shoppe.
 31819 | Orc:4    | Entered Level 4 of the Orcish Mines
 31923 | Orc:4    | Noticed Erica
 31939 | Orc:4    | Killed Erica
 32600 | Orc:4    | Found Shrimn Irphokh's Food Shoppe.
 33173 | Orc:4    | Found Siam's Book Boutique.
 33690 | Orc:4    | Found Blawef's Weapon Shoppe.
 33690 | Orc:4    | Found Shedoe's Assorted Antiques.
 33810 | Orc:4    | Received a gift from Okawaru
 33821 | Orc:4    | Reached XP level 15. HP: 49/101 MP: 16/26
 34161 | Orc:4    | Found a roughly hewn altar of Beogh.
 34177 | Orc:4    | Found Fofai's Weapon Shoppe.
 34238 | Orc:4    | Bought the +2 hat of the Alchemist {rElec rF+ rC+ MR+} for 1332 gold pieces
 34337 | Orc:4    | Noticed Erolcha
 34348 | Orc:4    | Killed Erolcha
 34685 | Orc:4    | Noticed Fannar
 34698 | Orc:4    | Killed Fannar
 34698 | Orc:4    | Reached skill level 15 in Fighting
 34881 | Orc:3    | Bought the +5 scale mail "Heqig" {Str+1 Dex+3 Dam+4 Stlth++} for 1040 gold pieces
 35200 | D:10     | Killed an ice dragon
 35413 | D:13     | Reached skill level 16 in Fighting
 35413 | D:13     | Reached XP level 16. HP: 108/110 MP: 27/27
 35535 | D:12     | Learned a level 6 spell: Haste
 35687 | D:13     | Reached skill level 1 in Charms
 38009 | D:14     | Reached skill level 5 in Charms
 38237 | D:14     | Noticed Nergalle
 38265 | D:14     | Killed Nergalle
 38412 | D:14     | Found a gate to the Vaults.
 38423 | D:14     | Paralysed by a giant eyeball for 2 turns
 38431 | D:14     | Paralysed by a giant eyeball for 2 turns
 39765 | Spider:1 | Entered Level 1 of the Spider Nest
 39774 | Spider:1 | Reached skill level 1 in Shields
 39883 | Spider:1 | Noticed Asterion
 39884 | Spider:1 | Noticed a spectral weapon
 40625 | Spider:1 | Noticed a spectral weapon
 40642 | Spider:1 | Killed Asterion
 40699 | Spider:1 | Noticed Kirke
 40713 | Spider:1 | Killed Kirke
 41602 | Spider:1 | Received a gift from Okawaru
 41605 | Spider:1 | Got a faintly humming leather armour {god gift}
 41616 | Spider:1 | Identified the +3 leather armour of the Voivode {Int-4} (Okawaru gifted it to you on level 1 of the Spider Nest)
 41722 | Spider:1 | Reached skill level 5 in Shields
 42134 | Spider:2 | Noticed Frances
 42157 | Spider:2 | Killed Frances
 42219 | Spider:2 | Noticed Arachne
 42711 | Spider:2 | Killed Arachne
 42711 | Spider:2 | Reached XP level 17. HP: 89/115 MP: 22/27
 42868 | Spider:3 | Reached skill level 10 in Charms
 43223 | Spider:3 | Noticed Mara
 43236 | Spider:3 | Noticed MDvedh's illusion
 43266 | Spider:3 | Killed Mara
 44795 | Spider:5 | Entered Level 5 of the Spider Nest
 45198 | Spider:5 | Noticed Wiglaf
 45221 | Spider:5 | Killed Wiglaf
 45548 | Spider:5 | Received a gift from Okawaru
 45567 | Spider:5 | Noticed Rupert
 45592 | Spider:5 | Slain by Rupert

Action                   |  1- 3 |  4- 6 |  7- 9 | 10-12 | 13-15 | 16-18 || total
-------------------------+-------+-------+-------+-------+-------+-------++-------
Melee: Unarmed           |    65 |     1 |       |       |       |       ||    66
       Whip              |    34 |   131 |   319 |       |       |       ||   484
       Flail             |       |       |   314 |   965 |  1900 |   752 ||  3931
       Demon whip        |       |       |       |       |       |   388 ||   388
 Cast: Sting             |    42 |    34 |    21 |    11 |       |       ||   108
       Olgreb's Toxic Ra |       |    14 |    38 |    46 |    22 |    32 ||   152
Invok: Heroism           |       |       |       |     7 |    22 |    11 ||    40
       Finesse           |       |       |       |       |     3 |     3 ||     6
Evoke: Wand              |       |       |     3 |     3 |     6 |     2 ||    14
  Use: Scroll            |       |       |    16 |    17 |     8 |    14 ||    55
       Potion            |       |       |     2 |     6 |     3 |     2 ||    13
 Stab: Sleeping          |       |       |     6 |     2 |       |     2 ||    10
       Confused          |       |       |       |       |     5 |       ||     5
       Distracted        |       |       |       |       |       |     2 ||     2
